 Dungeon Crawl Stone Soup version 0.26-a0-1013-gf6ffb0d6bd (webtiles) character file.

Game seed: 6904551756314652350

9384 jiml777 the Thaumaturge (level 11, -11/54 HPs)
             Began as a Deep Elf Air Elementalist on Dec 6, 2020.
             Was an Elder of Sif Muna.
             Mangled by an eight-headed hydra (12 damage)
             ... on level 1 of the Lair of Beasts on Dec 7, 2020.
             The game lasted 01:27:25 (14710 turns).

jiml777 the Thaumaturge (DEAE)                     Turns: 14710, Time: 01:27:27

Health: -11/54     AC:  7    Str:  5    XL:     11   Next: 22%
Magic:  37/37      EV: 13    Int: 24    God:    Sif Muna [****..]
Gold:   155        SH: 12    Dex: 15    Spells: 10/33 levels left

rFire    . . .     SeeInvis .   s - staff of conjuration
rCold    . . .     Faith    .   v - +2 buckler {rPois}
rNeg     . . .     Spirit   .   a - +1 robe
rPois    +         Reflect  +   z - +0 helmet
rElec    .         Harm     .   k - +2 cloak
rCorr    .         Rampage  .   (no gloves)
Will     +....                  (no boots)
Stlth    ++........             E - amulet of reflection
HPRegen  0.18/turn              n - ring of magical power
MPRegen  0.25/turn              I - ring "Zehukic" {+Blink rPois}

@: no status effects
A: no striking features
a: Channel Magic, Forget Spell, Divine Exegesis, Renounce Religion, Evoke Blink


You were on level 1 of the Lair of Beasts.
You worshipped Sif Muna.
Sif Muna was greatly pleased with you.
You visited 3 branches of the dungeon, and saw 12 of its levels.

You collected 705 gold pieces.
You spent 550 gold pieces at shops.

Inventory:

Hand Weapons
 g - a +0 dagger
 G - a +1 broad axe of flaming
Missiles
 c - 201 arrows
 e - 81 poisoned darts
 p - 6 boomerangs of dispersal (quivered)
Armour
 a - a +1 robe (worn)
 k - a +2 cloak (worn)
 v - a +2 buckler of poison resistance (worn)
 z - a +0 helmet (worn)
Magical Staves
 s - an uncursed staff of conjuration (weapon)
Jewellery
 n - a ring of magical power (left hand)
 o - an uncursed amulet of guardian spirit
 E - an amulet of reflection (around neck)
 I - the ring "Zehukic" (right hand) {+Blink rPois}
   (You found it on level 9 of the Dungeon)

   [ring of poison resistance]

   It protects you from poison.
   It lets you blink.
Wands
 j - a wand of iceblast (6)
 q - a wand of enslavement (13)
 D - a wand of disintegration (15)
 F - a wand of polymorph (8)
Scrolls
 d - 2 scrolls of identify
 f - 2 scrolls of fog
 m - 3 scrolls of remove curse
 y - 2 scrolls of teleportation
 B - a scroll of amnesia
 C - 2 scrolls of fear
 H - 2 scrolls of magic mapping
Potions
 b - a potion of mutation
 h - 3 potions of might
 i - 2 potions of curing
 l - 6 potions of flight
 r - 2 potions of magic
 t - a potion of ambrosia
 u - a potion of resistance
 w - a potion of berserk rage
 x - a potion of brilliance
 A - a potion of haste
 K - a potion of heal wounds
Miscellaneous
 J - a condenser vane


   Skills:
 - Level 0.1 Fighting
 - Level 3.0 Dodging
 - Level 3.0 Stealth
 * Level 3.1 Shields
 + Level 11.6 Spellcasting
 * Level 6.4 Conjurations
 * Level 6.6 Hexes
 * Level 5.2 Translocations
 + Level 9.1 Air Magic
 * Level 5.2 Invocations
 * Level 6.0 Evocations


You had 10 spell levels left.
You knew the following spells:

 Your Spells              Type           Power        Failure   Level
a - Shock                 Conj/Air       ####         1%          1
b - Swiftness             Air            ######..     1%          2
c - Gell's Gravitas       Tloc           #####.....   1%          3
d - Airstrike             Air            ######....   1%          4
e - Lightning Bolt        Conj/Air       ######....   5%          5
f - Iskenderun's Mystic   Conj/Tloc      ######..     4%          4
g - Dazzling Flash        Conj/Hex       ######       1%          3
h - Magic Dart            Conj           ####         1%          1

Your spell library contained the following spells:

 Spells                   Type           Power        Failure   Level
 Corpse Rot               Necr/Air       N/A          1%          2
 Searing Ray              Conj           ######       1%          2
 Confusing Touch          Hex            #####...     1%          3
 Static Discharge         Conj/Air       ######..     1%          3
 Fulminant Prism          Conj/Hex       ######....   3%          4
 Stone Arrow              Conj/Erth      #####.       4%          3
 Metabolic Englaciation   Hex/Ice        ####......   34%         5
 Yara's Violent Unravell  Hex/Tmut       ####......   34%         5
 Petrify                  Tmut/Erth      ##......     45%         4
 Bolt of Magma            Conj/Fire/Erth #####.....   50%         5
 Simulacrum               Ice/Necr       ##........   100%        6


Dungeon Overview and Level Annotations

Branches:
Dungeon (10/15)            Temple (1/1) D:4            Lair (1/6) D:10
    Orc (0/2) D:10

Altars:
Ashenzari
Cheibriados
Dithmenos
Elyvilon
Fedhas
Gozag
Hepliaklqana
Kikubaaqudgha
Makhleb
Nemelex Xobeh
Okawaru
Qazlal
Ru
Sif Muna
Trog
Uskayaw
Vehumet
Wu Jian
Xom
Yredelemnul
Zin
The Shining One

Shops:
D:7 [[*[(


Message History

You start resting.
You feel yourself slow down.
You start resting.
HP restored.
You start resting.
Magic restored.
You climb downwards.
Welcome back to the Lair of Beasts!
The blink frog closely misses you.
You block the eight-headed hydra's attack. x3
The eight-headed hydra bites you. The eight-headed hydra bites you! x3
The eight-headed hydra bites you.
* * * LOW HITPOINT WARNING * * *
You block the yak's attack. The blink frog misses you.
You block the yak's attack. The eight-headed hydra bites you.
* * * LOW HITPOINT WARNING * * *
You block the eight-headed hydra's attack.
The eight-headed hydra bites you!
* * * LOW HITPOINT WARNING * * *
The eight-headed hydra bites you!
You die...

.............##
...............
..............≈
..............≈♣
..............≈♣
..............≈♣
......D.F.....≈♣ #.
#.@Y.....≈♣♣♣♣ #.
#YY......≈≈≈≈
#..#.Y.........
#..#.......#..#
#..........##.#
#..#.......#..#
#.#..P..........###
................#.#####
......................#


You could see an eight-headed hydra, 4 yaks and a blink frog.

Vanquished Creatures
  A two-headed ogre (D:8)
  Maurice (D:9)
  A gargoyle (D:10)
  Maggie (D:9)
  A cane toad (Lair:1)
  A troll (D:10)
  A hornet (D:9)
  Grinder (D:4)
  12 yaks
  An orc warrior (D:7)
  4 sky beasts
  5 ice beasts
  A black bear (D:10)
  A phantom (D:5)
  A necrophage (D:10)
  9 ogres
  6 centaurs
  A wolf (D:10)
  2 big kobolds
  4 bullfrogs
  A wyvern skeleton (D:7)
  A wyvern zombie (D:8)
  2 scorpions
  A water moccasin skeleton (D:9)
  3 killer bees (D:10)
  8 wights
  3 electric eels (D:10)
  A crimson imp (D:5)
  A centaur zombie (D:7)
  4 jellies
  2 orc priests (D:9)
  A gnoll shaman (D:9)
  A bullfrog skeleton (D:5)
  11 hounds
  9 orc wizards
  A centaur skeleton (D:8)
  An iguana (D:10)
  5 worker ants
  A hound zombie (D:5)
  4 hound skeletons
  5 gnolls (D:9)
  9 adders
  2 howler monkey skeletons
  5 shadow imps
  4 white imps
  2 oozes
  3 adder skeletons
  3 worms
  A dart slug (D:2)
  5 leopard geckos
  23 orcs
  A bat skeleton (D:2)
  2 bat zombies (D:2)
  3 giant cockroaches
  2 goblins
  10 hobgoblins
  22 jackals
  4 quokkas
  2 ball pythons
  A ball python skeleton (D:2)
  6 bats
  4 frilled lizards
  A jackal skeleton (D:4)
  12 kobolds
  A quokka skeleton (D:4)
  4 rats
253 creatures vanquished.

Vanquished Creatures (others)
  A plant (Lair:1)
  A withered plant (D:2)
2 creatures vanquished.

Grand Total: 255 creatures vanquished

Notes
Turn   | Place    | Note
-------+----------+-------------------------------------------
     0 | D:1      | jiml777 the Deep Elf Air Elementalist began the quest for
                  | the Orb.
     0 | D:1      | Reached XP level 1. HP: 10/10 MP: 6/6
   226 | D:1      | Upgraded the game from 0.26-a0-980-g0fe3eaa9ac to
                  | 0.26-a0-1013-gf6ffb0d6bd
   379 | D:1      | Reached XP level 2. HP: 15/15 MP: 6/8
  1100 | D:1      | Reached XP level 3. HP: 19/19 MP: 6/9
  1289 | D:2      | Found a broken altar of Ashenzari.
  1491 | D:2      | Found a blossoming altar of Fedhas.
  1863 | D:2      | Learned a level 2 spell: Swiftness
  1867 | D:2      | Learned a level 3 spell: Static Discharge
  2206 | D:2      | Reached XP level 4. HP: 19/24 MP: 8/11
  2547 | D:3      | Found a stormy altar of Qazlal.
  2548 | D:3      | Found a glowing golden altar of the Shining One.
  2618 | D:3      | Reached skill level 4 in Spellcasting
  2918 | D:3      | Learned a level 4 spell: Airstrike
  2943 | D:3      | Found a basalt altar of Yredelemnul.
  2943 | D:3      | Found a radiant altar of Vehumet.
  2954 | D:3      | Found a shadowy altar of Dithmenos.
  2956 | D:3      | Found a faded altar of an unknown god.
  2957 | D:3      | Found a faded altar of an unknown god.
  3359 | D:4      | Noticed an ice beast
  3371 | D:4      | Killed an ice beast
  3372 | D:4      | Reached XP level 5. HP: 23/28 MP: 8/14
  3390 | D:4      | Noticed an ice beast
  3434 | D:4      | Killed an ice beast
  3435 | D:4      | Reached skill level 5 in Spellcasting
  3435 | D:4      | Reached XP level 6. HP: 32/32 MP: 10/16
  3527 | D:4      | Reached skill level 5 in Air Magic
  3656 | D:4      | Reached skill level 1 in Evocations
  3829 | D:4      | Found a staircase to the Ecumenical Temple.
  3841 | Temple   | Entered the Ecumenical Temple
  3900 | Temple   | Became a worshipper of Sif Muna the Loreminder
  4167 | D:4      | Reached skill level 6 in Spellcasting
  4238 | D:4      | Reached XP level 7. HP: 36/36 MP: 18/18
  4330 | D:4      | Noticed Grinder
  4344 | D:4      | Killed Grinder
  4345 | D:4      | Reached skill level 7 in Spellcasting
  4759 | D:5      | Entered Level 5 of the Dungeon
  4759 | D:5      | Found a glowing golden altar of the Shining One.
  5017 | D:5      | Reached XP level 8. HP: 41/41 MP: 17/21
  5021 | D:5      | Reached skill level 8 in Spellcasting
  5120 | D:5      | Learned a level 5 spell: Lightning Bolt
  5125 | D:5      | Learned a level 4 spell: Iskenderun's Mystic Blast
  5129 | D:5      | Learned a level 3 spell: Dazzling Flash
  5152 | D:5      | Reached * piety under Sif Muna
  5429 | D:5      | Reached skill level 1 in Hexes
  5619 | D:5      | Learned a level 1 spell: Magic Dart
  5703 | D:5      | Identified the Incunabulum of Ghastly Combat Magic
  5881 | D:5      | Reached skill level 1 in Invocations
  5922 | D:5      | Reached skill level 1 in Translocations
  6889 | D:6      | Reached XP level 9. HP: 45/45 MP: 23/23
  6953 | D:6      | Found a white marble altar of Elyvilon.
  7009 | D:6      | Reached ** piety under Sif Muna
  7212 | D:6      | Found a radiant altar of Vehumet.
  7215 | D:6      | Found a shimmering altar of Xom.
  7219 | D:6      | Reached skill level 9 in Spellcasting
  7929 | D:7      | Found Demniybi's Armour Emporium.
  7939 | D:7      | Bought a +2 buckler of poison resistance for 259 gold
                  | pieces
  8108 | D:7      | Found Iwaqied's Antique Armour Boutique.
  8117 | D:7      | Found Kouh Vuw's General Store.
  8118 | D:7      | Bought a helmet for 139 gold pieces
  8129 | D:7      | Bought a scroll of identify for 30 gold pieces
  8129 | D:7      | Bought a potion of degeneration for 15 gold pieces
  8332 | D:7      | Found Guguan's Antique Armour Shoppe.
  8671 | D:7      | Found Foup's Antique Weapon Shoppe.
  8791 | D:8      | Noticed a two-headed ogre
  8796 | D:8      | Killed a two-headed ogre
  8797 | D:8      | Reached skill level 1 in Shields
  8797 | D:8      | Reached skill level 5 in Conjurations
  8952 | D:8      | Reached skill level 10 in Spellcasting
  9128 | D:8      | Learned a level 3 spell: Gell's Gravitas
  9296 | D:8      | Found a sparkling altar of Nemelex Xobeh.
  9308 | D:8      | Reached *** piety under Sif Muna
  9309 | D:8      | Reached skill level 5 in Hexes
  9806 | D:7      | Bought an embroidered robe for 107 gold pieces
  9939 | D:9      | Reached XP level 10. HP: 50/50 MP: 19/26
 10401 | D:9      | Noticed Maurice
 10406 | D:9      | Killed Maurice
 10772 | D:9      | Reached skill level 5 in Evocations
 11456 | D:9      | Noticed Maggie
 11464 | D:9      | Killed Maggie
 11903 | D:9      | Got a smoking amber ring
 11907 | D:9      | Identified the ring "Zehukic" {+Blink rPois} (You found it
                  | on level 9 of the Dungeon)
 12058 | D:10     | Entered Level 10 of the Dungeon
 12510 | D:10     | Found a staircase to the Lair.
 12612 | D:10     | Reached **** piety under Sif Muna
 12613 | D:10     | Reached skill level 11 in Spellcasting
 12934 | D:10     | Noticed a gargoyle
 12937 | D:10     | Killed a gargoyle
 13569 | D:10     | Found a staircase to the Orcish Mines.
 13713 | D:10     | Reached XP level 11. HP: 44/54 MP: 1/28
 13730 | D:10     | Reached skill level 5 in Invocations
 14145 | Lair:1   | Entered Level 1 of the Lair of Beasts
 14151 | Lair:1   | Reached skill level 5 in Translocations
 14554 | Lair:1   | Noticed an eight-headed hydra
 14710 | Lair:1   | HP: 1/54 [eight-headed hydra (8)]
 14710 | Lair:1   | Mangled by an eight-headed hydra

Illustrated notes

Levels and vault maps discovered:
D:1:      heliophobic_arrival_henge, layout_loops_corners
D:2:      layout_rooms, evilmike_ruin_ashenzari, serial_undead, serial_undead_e,
          serial_undead_a, serial_undead_d, serial_undead_e, serial_undead_b,
          serial_undead_a, serial_undead_c, fedhas_altar_2
D:3:      layout_basic, nicolae_overflow_hidden_temple,
          chequers_temple_overflow_minitemple
D:4:      layout_basic, minmay_temple_entry_glass, uniq_grinder
D:5:      layout_loops_ring, basic_altar, minmay_fire_ice_demons
D:6:      layout_loops_ring, nicolae_overflow_crystal_walls, xom_teletrap_fun,
          basic_altar
D:7:      layout_loops_ring, serial_shops, nicolae_shop_stone, shop_fountains,
          shop, nicolae_shop_trees, nicolae_shop_waterfront
D:8:      layout_cave_pools, overflow_temple_1_default
D:9:      layout_layer_cave, uniq_maggie, uniq_maurice
D:10:     layout_stronghold, erik_lair_island
Temple:   dshaligram_water_room_temple
Lair:1:   layout_gridlike, serial_rivers, chequers_serial_rivers_large_b,
          chequers_serial_rivers_micro_a, chequers_serial_rivers_large_a,
          chequers_serial_rivers_micro_d, chequers_serial_rivers_room_a

Skill      XL: |  1  2  3  4  5  6  7  8  9 10 11 |
---------------+----------------------------------+-----
Conjurations   | 2 3 4 5 6 |  6.4
Stealth        | 3 |  3.0
Air Magic      | 4 5 6 7 8 9 |  9.1
Spellcasting   | 4 5 6 7 8 10 11 | 11.6
Evocations     | 1 2 3 4 5 6 |  6.0
Hexes          | 3 5 6 |  6.6
Invocations    | 2 3 4 5 |  5.2
Translocations | 2 3 4 5 |  5.2
Dodging        | 3 |  3.0
Shields        | 1 2 3 |  3.1
Fighting       | |  0.1

Action                   |  1- 3 |  4- 6 |  7- 9 | 10-12 || total
-------------------------+-------+-------+-------+-------++-------
Melee: Dagger            |       |     7 |       |       ||     7
       Staff             |       |       |    12 |       ||    12
 Cast: Shock             |    90 |    47 |    35 |     4 ||   176
       Airstrike         |       |    17 |   131 |   141 ||   289
       Magic Dart        |       |       |    16 |    14 ||    30
       Swiftness         |       |       |       |     4 ||     4
       Lightning Bolt    |       |       |       |     3 ||     3
 Abil: Evoke Blink       |       |       |       |     1 ||     1
  Use: Scroll            |       |    10 |    12 |     4 ||    26
       Potion            |       |       |       |     1 ||     1
Armor: Robe              |     6 |     3 |    33 |     4 ||    46
Dodge: Dodged            |    15 |    20 |    49 |    18 ||   102
Block: Buckler           |       |       |       |    31 ||    31

Table legend: (Time is in decaauts)
 A = Elapsed time spent in this place.
 B = Non-inter-level travel time spent in this place.
 C = Inter-level travel time spent in this place.
 D = Time resting spent in this place.
 E = Time spent auto-exploring this place.
 F = Levels seen in this place.
 G = Mean time per level.
                   A        B        C        D        E       F      G
               +--------+--------+--------+--------+--------+-----+--------+
         Total |  14705 |  14427 |    278 |   6387 |   5835 |  12 | 1225.4 |
       Dungeon |  14406 |  14145 |    261 |   6327 |   5713 |  10 | 1440.6 |
        Temple |     75 |     59 |     16 |      0 |     52 |   1 |   75.0 |
          Lair |    222 |    222 |      0 |     60 |     69 |   1 |  222.0 |
               +--------+--------+--------+--------+--------+-----+--------+

Top non-repeatable levels by time:
    D:10: 2279 daAuts
     D:9: 1964 daAuts
     D:5: 1882 daAuts
     D:4: 1333 daAuts
     D:8: 1292 daAuts
     D:2: 1212 daAuts
     D:1: 1207 daAuts
     D:6: 1194 daAuts
     D:7: 1111 daAuts
     D:3: 928 daAuts
  Lair:1: 222 daAuts
  Temple: 75 daAuts
